 Dungeon Crawl Stone Soup version 0.26-a0-863-g3bff4b215c (webtiles) character file.

Game seed: 10038199905332291152

2 sahdkjhfkaj the Cutter (level 1, 18/18 HPs)
             Began as a Hill Orc Gladiator on Nov 25, 2020.
             Quit the game on level 1 of the Dungeon.
             The game lasted 00:05:02 (212 turns).

sahdkjhfkaj the Cutter (Hill Orc Gladiator)          Turns: 212, Time: 00:05:03

Health: 18/18      AC:  4    Str: 16    XL:     1   Next: 40%
Magic:  1/1        EV: 12    Int:  8    God:
Gold:   0          SH:  0    Dex: 12    Spells: 0/0 levels left

rFire    . . .     SeeInvis .   a - +0 rapier
rCold    . . .     Faith    .   (no shield)
rNeg     . . .     Spirit   .   c - +0 leather armour
rPois    .         Reflect  .   d - +0 helmet
rElec    .         Harm     .   (no cloak)
rCorr    .         Rampage  .   (no gloves)
MR       .....                  (no boots)
Stlth    +.........             (no amulet)
HPRegen  0.06/turn              (no ring)
MPRegen  0.07/turn              (no ring)

@: no status effects
A: no striking features
a: no special abilities


You were on level 1 of the Dungeon.
You visited 1 branch of the dungeon, and saw 1 of its levels.

Inventory:

Hand Weapons
 a - a +0 rapier (weapon)
 b - a +0 hand axe
Missiles
 e - 3 throwing nets (quivered) {!f}
 h - 22 stones
Armour
 c - a +0 leather armour (worn)
 d - a +0 helmet (worn)
Scrolls
 g - a scroll of remove curse {!r, unknown}
Potions
 f - a potion of heal wounds {!q, unknown}


   Skills:
 + Level 2.8 Fighting
 - Level 3.0 Short Blades
 * Level 0.0 Axes
 - Level 1.7 Throwing
 + Level 0.0 Armour
 - Level 2.4 Dodging


You couldn't memorise any spells.
You didn't know any spells.
Your spell library was empty.

Dungeon Overview and Level Annotations

Branches:
Dungeon (1/15)

Altars:


Message History

No monsters with symbol '='.
Describe a (M)onster, (S)pell, s(K)ill, (A)bility, (C)ard, (I)tem, (F)eature, (G)od, (B)ranch, c(L)oud or s(T)atus?
Describe a monster; partial names and regexps are fine.
Enter a single letter to list monsters displayed by that symbol.
Describe what?
Okay, then.
Describe a (M)onster, (S)pell, s(K)ill, (A)bility, (C)ard, (I)tem, (F)eature, (G)od, (B)ranch, c(L)oud or s(T)atus?
Describe a monster; partial names and regexps are fine.
Enter a single letter to list monsters displayed by that symbol.
Describe what? s Describe a (M)onster, (S)pell, s(K)ill, (A)bility, (C)ard, (I)tem, (F)eature, (G)od, (B)ranch, c(L)oud or s(T)atus?
Describe a monster; partial names and regexps are fine.
Enter a single letter to list monsters displayed by that symbol.
Describe what? d Describe a (M)onster, (S)pell, s(K)ill, (A)bility, (C)ard, (I)tem, (F)eature, (G)od, (B)ranch, c(L)oud or s(T)atus?
Describe a monster; partial names and regexps are fine.
Enter a single letter to list monsters displayed by that symbol.
Describe what?
Okay, then.
Describe a (M)onster, (S)pell, s(K)ill, (A)bility, (C)ard, (I)tem, (F)eature, (G)od, (B)ranch, c(L)oud or s(T)atus?
Okay, then.
Describe a (M)onster, (S)pell, s(K)ill, (A)bility, (C)ard, (I)tem, (F)eature, (G)od, (B)ranch, c(L)oud or s(T)atus?
Describe a monster; partial names and regexps are fine.
Enter a single letter to list monsters displayed by that symbol.
Describe what? d Describe a (M)onster, (S)pell, s(K)ill, (A)bility, (C)ard, (I)tem, (F)eature, (G)od, (B)ranch, c(L)oud or s(T)atus?
Okay, then.
Unknown command.
Unknown command.
Are you sure you want to abandon this character and quit the game? (Confirm with "yes".)

# # #.... ... #
#.........# #
......#.#.# # ###
......#.#.#.# ..#
..(...#.#.#.# ..#
#.#...........# ..# #.#
#.........# ..####
#.#.#.##.@....# ......
#.#........?..#
..######.###.###.#+#.#
...........#.#...#.# ..
###.####...#.#.....# . $
...............#.#.....
########...........#.#.#
............)..# #
..###...........#


There were no monsters in sight!

Vanquished Creatures
  A goblin (D:1)
  A hobgoblin (D:1)
2 creatures vanquished.

Notes
Turn   | Place    | Note
-------+----------+-------------------------------------------
     0 | D:1      | sahdkjhfkaj the Hill Orc Gladiator began the quest for the
                  | Orb.
     0 | D:1      | Reached XP level 1. HP: 18/18 MP: 1/1
   212 | D:1      | Quit the game

Illustrated notes

Levels and vault maps discovered:
D:1:      minmay_arrival_four_loops, layout_basic, kennysheep_crisscross

Action                   || total
-------------------------++-------
Melee: Rapier            ||     6
Armor: Leather armour    ||     1
Dodge: Dodged            ||     3

Table legend: (Time is in decaauts)
 A = Elapsed time spent in this place.
 B = Non-inter-level travel time spent in this place.
 C = Inter-level travel time spent in this place.
 D = Time resting spent in this place.
 E = Time spent auto-exploring this place.
 F = Levels seen in this place.
 G = Mean time per level.
                   A        B        C        D        E       F      G
               +--------+--------+--------+--------+--------+-----+--------+
         Total |    212 |    212 |      0 |     15 |      0 |   1 |  212.0 |
       Dungeon |    212 |    212 |      0 |     15 |      0 |   1 |  212.0 |
               +--------+--------+--------+--------+--------+-----+--------+

Top non-repeatable levels by time:
     D:1: 212 daAuts
